Saguenéens vs Thunder (R2)

Created - May 16, 2019 at 23:14

Goals
1 2 3 T
Saguenéens 1 1 3 5
Thunder 1 1 0 2
Shots
1 2 3 T
Saguenéens 15 5 22 42
Thunder 5 10 5 20

1st period

1. Thunder , Austin Wuthrich 1 (Morgan Rielly 3, Joe Labate 2) at 12:14
2. Saguenéens , Bobby Sanguinetti 2 (Dalton Prout 2, Juraj Mikus 2) at 18:29

Penalties :
Trevor Lewis (TRO) for Interference (Minor) at 5:07

2nd period

3. Saguenéens , Carl Hagelin 6 (Luke Witkowski 4, Bobby Sanguinetti 1) at 0:14
4. Thunder , Thomas Spelling 2 (Ryan Nugent-Hopkins 4, David Wolf 1) at 12:45

Penalties :
Kerby Rychel (Chi) for Hooking (Minor) at 14:56

3rd period

5. Saguenéens , Carl Hagelin 7 (Kerby Rychel 1) at 2:22
6. Saguenéens , Rhett Rakhshani 1 (Teemu Pulkkinen 3) at 10:07
7. Saguenéens , Nathan MacKinnon 2 (Seth Jones 5) at 15:51

Penalties :
Thomas Spelling (TRO) for Hooking (Minor) at 2:39, Ryan Nugent-Hopkins (TRO) for Roughing (Minor) at 6:02, Adam Clendening (TRO) for Hooking (Minor) at 19:15

Goalie Stats

Martin Jones (Chi), 18 saves from 20 shots - (0.900), W, 4-0-0, 60:00 minutes
Niklas Treutle (TRO), 37 saves from 42 shots - (0.881), L, 0-1-0, 60:00 minutes

Players Stats for Saguenéens

Player Name              G  A  P  +/- PIM S  H  SB GA TA FO     MP     PP MP  PK MP  
------------------------------------------------------------------------------------
Adam Erne                0  0  0   0  0   0  0  0  0  0  0/0     0:00   0:00   0:00 
Bobby Sanguinetti        1  1  2   2  0   4  1  1  1  2  0/0    24:02   4:05   0:52 
Calle Andersson          0  0  0   0  0   1  0  0  0  0  0/0     5:36   0:00   0:00 
Carl Hagelin             2  0  2   1  0   9  2  2  4  0  2/3    20:26   3:39   0:26 
Craig Cunningham         0  0  0   1  0   1  0  1  0  0  0/1    16:17   2:56   0:14 
Dalton Prout             0  1  1   2  0   2  4  1  0  0  0/0    24:02   4:05   0:52 
Henrik Samuelsson        0  0  0   0  0   0  1  0  1  0  1/2     8:02   0:00   0:00 
Jake McCabe              0  0  0   0  0   0  1  0  0  0  0/0    11:23   0:00   0:00 
Jerry D'Amigo            0  0  0   0  0   1  0  0  0  0  0/0     8:02   0:00   0:00 
Juraj Mikus              0  1  1   1  0   0  1  0  0  2  1/2    13:42   0:00   0:00 
Kerby Rychel             0  1  1   0  2   0  2  0  0  0  0/0     8:02   0:00   0:00 
Kyle Brodziak            0  0  0   1  0   3  0  1  0  0  19/33  20:58   3:39   0:57 
Luke Witkowski           0  1  1   1  0   6  1  1  1  0  0/0    20:57   3:39   0:56 
Mattias Janmark          0  0  0   0  0   0  0  0  0  0  0/0     0:13   0:06   0:00 
Mike Sauer               0  0  0   1  0   1  0  1  1  1  0/0    18:59   2:36   1:07 
Mikhail Grigorenko       0  0  0   0  0   0  0  0  0  0  0/0     0:24   0:00   0:23 
Myles Bell               0  0  0   0  0   0  0  0  0  0  0/0     0:36   0:00   0:36 
Nathan MacKinnon         1  0  1   1  0   4  0  0  2  0  5/9    16:15   3:02   0:00 
Nick Mattson             0  0  0   0  0   1  2  0  0  0  0/0    11:23   0:00   0:00 
Nick Paul                0  0  0   0  0   0  0  0  0  0  0/0     0:00   0:00   0:00 
Patrick Sieloff          0  0  0   0  0   0  0  2  0  0  0/0     5:36   0:00   0:00 
Rhett Rakhshani          1  0  1   1  0   2  2  1  1  0  0/0    13:42   0:00   0:00 
Seth Jones               0  1  1   1  0   2  0  1  3  1  0/0    18:59   2:36   1:07 
Teemu Pulkkinen          0  1  1   1  0   3  1  1  0  0  0/0    13:42   0:00   0:00 
Tobias Rieder            0  0  0   1  0   2  1  0  0  0  0/0    16:41   3:02   0:26 

Players Stats for Thunder

Player Name              G  A  P  +/- PIM S  H  SB GA TA FO     MP     PP MP  PK MP  
------------------------------------------------------------------------------------
Adam Clendening          0  0  0  -2  2   2  1  0  0  1  0/0    19:25   0:41   2:36 
Artur Gavrus             0  0  0   0  0   0  0  0  0  0  0/1     2:35   0:00   2:06 
Austin Wuthrich          1  0  1   1  0   1  0  1  0  1  0/0    14:25   0:00   0:00 
Colby Cave               0  0  0  -1  0   0  0  0  0  0  0/0     5:45   0:00   0:13 
David Wolf               0  1  1  -2  0   0  2  1  0  1  0/1    23:05   1:00   2:24 
Duncan Siemens           0  0  0   0  0   0  1  0  0  1  0/0    13:12   0:00   0:00 
Gianluca Curcuruto       0  0  0   0  0   0  0  0  0  0  0/0     4:10   0:00   0:00 
Jake Muzzin              0  0  0  -1  0   1  2  2  0  2  0/0    23:04   1:18   3:57 
Jared Staal              0  0  0  -2  0   1  2  0  1  1  0/0    16:54   0:59   0:00 
Jarrod Maidens           0  0  0  -1  0   0  0  0  0  0  1/2     3:36   0:00   0:00 
Joe Labate               0  1  1   1  0   1  0  0  1  1  3/6    14:25   0:00   0:00 
Mikko Vainonen           0  0  0   0  0   0  0  2  0  1  0/0    13:20   0:00   0:08 
Morgan Rielly            0  1  1  -1  0   3  2  3  1  0  0/0    27:03   1:18   3:57 
Nikolay Prokhorkin       0  0  0  -2  0   1  1  0  0  0  0/0    17:56   0:59   0:57 
Peter Andersson          0  0  0  -2  0   1  1  2  0  1  0/0    19:45   0:41   2:44 
Ryan Nugent-Hopkins      0  1  1   1  2   2  0  1  1  0  10/21  25:28   1:00   2:33 
Thomas Spelling          1  0  1  -1  2   3  3  2  2  0  1/1    17:12   1:00   0:47 
Trevor Lewis             0  0  0  -3  2   4  1  1  0  3  7/18   22:32   0:59   2:32 
Vincent Dunn             0  0  0   0  0   0  0  0  0  1  0/0     9:23   0:00   1:50 

3 Stars

1 - Carl Hagelin (Chi)
2 - Bobby Sanguinetti (Chi)
3 - Dalton Prout (Chi)

Power Play

Saguenéens - 0 on 3 Attempt(s) - 0.00%
Thunder - 0 on 2 Attempt(s) - 0.00%

Penalty Kill

Saguenéens - 2 on 2 Attempt(s) - 100.00% - Score 0 goal in Penalty Kill
Thunder - 3 on 3 Attempt(s) - 100.00% - Score 0 goal in Penalty Kill

Team Stat

Saguenéens - Hits : 19 - Faceoff Wins : 28 - Blocked Shots : 13 - Penalty Minutes : 2
Thunder - Hits : 16 - Faceoff Wins : 22 - Blocked Shots : 15 - Penalty Minutes : 8

Official

Referees : Unknown
Linesman : Unknown

Game Notes

16:13 of 3rd period - Penalty Shot by Carl Hagelin for Saguenéens - Shot Hit the Post

Finance

Level 1 -- Attendance: 1721 (86.05%) -- Ticket Income $68,840
Level 2 -- Attendance: 805 (80.50%) -- Ticket Income $16,100
Total Attendance: 2526 (84.20%)
Total Ticket Income: $84,940
Other Income: $4,247
Total Income: $89,187

Saguenéens

5 vs 5 Forward 
   Center                   Left Wing                Right Wing               Time % Phy DF OF 
 1 Kyle Brodziak            Carl Hagelin             Luke Witkowski           40     1   2  2  
 2 Nathan MacKinnon         Craig Cunningham         Tobias Rieder            30     1   2  2  
 3 Juraj Mikus              Teemu Pulkkinen          Rhett Rakhshani          20     1   2  2  
 4 Henrik Samuelsson        Kerby Rychel             Jerry D'Amigo            10     1   2  2  

5 vs 5 Defense 
   Defense                  Defense                                           Time % Phy DF OF 
 1 Dalton Prout             Bobby Sanguinetti                                 40     1   2  2  
 2 Seth Jones               Mike Sauer                                        30     1   2  2  
 3 Jake McCabe              Nick Mattson                                      20     1   2  2  
 4 Patrick Sieloff          Calle Andersson                                   10     1   2  2  

PowerPlay Forward 
   Center                   Left Wing                Right Wing               Time % Phy DF OF 
 1 Kyle Brodziak            Carl Hagelin             Luke Witkowski           60     1   2  2  
 2 Nathan MacKinnon         Craig Cunningham         Tobias Rieder            40     1   2  2  

PowerPlay Defense
   Defense                  Defense                                           Time % Phy DF OF 
 1 Dalton Prout             Bobby Sanguinetti                                 60     1   2  2  
 2 Seth Jones               Mike Sauer                                        40     1   2  2  

Penalty Kill 4 Players Forward 
   Center                   Wing                     Time % Phy DF OF 
 1 Kyle Brodziak            Luke Witkowski           60     1   2  2  
 2 Tobias Rieder            Carl Hagelin             40     1   2  2  

Penalty Kill 4 Players Defense
   Defense                  Defense                  Time % Phy DF OF 
 1 Dalton Prout             Bobby Sanguinetti        60     1   2  2  
 2 Seth Jones               Mike Sauer               40     1   2  2  

Penalty Kill - 3 Players Forward 
   Forward                                           Time % Phy DF OF 
 1 Kyle Brodziak                                     60     1   2  2  
 2 Luke Witkowski                                    40     1   2  2  

Penalty Kill - 3 Players Defense
   Defense                  Defense                  Time % Phy DF OF 
 1 Dalton Prout             Bobby Sanguinetti        60     1   2  2  
 2 Seth Jones               Mike Sauer               40     1   2  2  

4 vs 4 Forward 
   Center                   Wing                     Time % Phy DF OF 
 1 Kyle Brodziak            Luke Witkowski           60     1   2  2  
 2 Tobias Rieder            Carl Hagelin             40     1   2  2  

4 vs 4 Defense
   Defense                  Defense                  Time % Phy DF OF 
 1 Dalton Prout             Bobby Sanguinetti        60     1   2  2  
 2 Seth Jones               Mike Sauer               40     1   2  2  

Last Minutes Offensive
   Center                   Left Wing                Right Wing               Defense                  Defense                  
   Kyle Brodziak            Carl Hagelin             Luke Witkowski           Dalton Prout             Bobby Sanguinetti        

Last Minutes Defensive
   Center                   Left Wing                Right Wing               Defense                  Defense                  
   Kyle Brodziak            Carl Hagelin             Luke Witkowski           Dalton Prout             Bobby Sanguinetti        

Goaltenders
Starting : Martin Jones             
Backup : Joe Cannata              

Extra Forwards
Normal : Mattias Janmark, Mikhail Grigorenko, Myles Bell - PP : Mattias Janmark, Mikhail Grigorenko - PK : Myles Bell
Extra Defensemen
Normal : Jake McCabe, Nick Mattson, Patrick Sieloff - PP : Jake McCabe - PK : Nick Mattson, Patrick Sieloff
Penalty Shots
Kyle Brodziak, Luke Witkowski, Tobias Rieder, Carl Hagelin, Nathan MacKinnon

Scratches
Tanner Richard (Strained Left Knee Injury), Dylan Labbe (Healthy), Michael Giugovaz (Healthy)

Thunder

5 vs 5 Forward 
   Center                   Left Wing                Right Wing               Time % Phy DF OF 
 1 Ryan Nugent-Hopkins      David Wolf               Thomas Spelling          40     1   2  2  
 2 Trevor Lewis             Nikolay Prokhorkin       Jared Staal              30     1   2  2  
 3 Joe Labate               Ryan Nugent-Hopkins      Austin Wuthrich          20     1   2  2  
 4 Colby Cave               Trevor Lewis             David Wolf               10     1   2  2  

5 vs 5 Defense 
   Defense                  Defense                                           Time % Phy DF OF 
 1 Morgan Rielly            Jake Muzzin                                       40     1   2  2  
 2 Peter Andersson          Adam Clendening                                   30     1   2  2  
 3 Duncan Siemens           Mikko Vainonen                                    20     1   2  2  
 4 Gianluca Curcuruto       Morgan Rielly                                     10     1   2  2  

PowerPlay Forward 
   Center                   Left Wing                Right Wing               Time % Phy DF OF 
 1 Ryan Nugent-Hopkins      David Wolf               Thomas Spelling          60     1   2  2  
 2 Trevor Lewis             Nikolay Prokhorkin       Jared Staal              40     1   2  2  

PowerPlay Defense
   Defense                  Defense                                           Time % Phy DF OF 
 1 Morgan Rielly            Jake Muzzin                                       60     1   2  2  
 2 Peter Andersson          Adam Clendening                                   40     1   2  2  

Penalty Kill 4 Players Forward 
   Center                   Wing                     Time % Phy DF OF 
 1 Ryan Nugent-Hopkins      Trevor Lewis             60     1   2  2  
 2 David Wolf               Thomas Spelling          40     1   2  2  

Penalty Kill 4 Players Defense
   Defense                  Defense                  Time % Phy DF OF 
 1 Morgan Rielly            Jake Muzzin              60     1   2  2  
 2 Peter Andersson          Adam Clendening          40     1   2  2  

Penalty Kill - 3 Players Forward 
   Forward                                           Time % Phy DF OF 
 1 Ryan Nugent-Hopkins                               60     1   2  2  
 2 Trevor Lewis                                      40     1   2  2  

Penalty Kill - 3 Players Defense
   Defense                  Defense                  Time % Phy DF OF 
 1 Morgan Rielly            Jake Muzzin              60     1   2  2  
 2 Peter Andersson          Adam Clendening          40     1   2  2  

4 vs 4 Forward 
   Center                   Wing                     Time % Phy DF OF 
 1 Ryan Nugent-Hopkins      Trevor Lewis             60     1   2  2  
 2 David Wolf               Thomas Spelling          40     1   2  2  

4 vs 4 Defense
   Defense                  Defense                  Time % Phy DF OF 
 1 Morgan Rielly            Jake Muzzin              60     1   2  2  
 2 Peter Andersson          Adam Clendening          40     1   2  2  

Last Minutes Offensive
   Center                   Left Wing                Right Wing               Defense                  Defense                  
   Ryan Nugent-Hopkins      David Wolf               Thomas Spelling          Morgan Rielly            Jake Muzzin              

Last Minutes Defensive
   Center                   Left Wing                Right Wing               Defense                  Defense                  
   Ryan Nugent-Hopkins      David Wolf               Thomas Spelling          Morgan Rielly            Jake Muzzin              

Goaltenders
Starting : Niklas Treutle           
Backup : Devan Dubnyk             

Extra Forwards
Normal : Vincent Dunn, Jarrod Maidens, Artur Gavrus - PP : Vincent Dunn, Jarrod Maidens - PK : Artur Gavrus
Extra Defensemen
Normal : Duncan Siemens, Mikko Vainonen, Gianluca Curcuruto - PP : Duncan Siemens - PK : Mikko Vainonen, Gianluca Curcuruto
Penalty Shots
Ryan Nugent-Hopkins, Trevor Lewis, David Wolf, Thomas Spelling, Jared Staal

Scratches
Dany Roussin (Healthy), Zach Stepan (Broken Bone (Left Foot) Injury), Benn Ferriero (Healthy), Jamie McGinn (Healthy)

% Time on Ice - Saguenéens

Lines # - Real PCT - Wanted PCT - Time Play
Normal Forward
1 - 32% - 40% - 16:23
2 - 26% - 30% - 13:13
3 - 27% - 20% - 13:42
4 - 16% - 10% - 8:02
Normal Defense
1 - 37% - 40% - 19:05
2 - 30% - 30% - 15:16
3 - 22% - 20% - 11:23
4 - 11% - 10% - 5:36
PP Forward
1 - 55% - 60% - 3:39
2 - 45% - 40% - 3:02
PP Defense
1 - 61% - 60% - 4:05
2 - 39% - 40% - 2:36
PK Forward
1 - 78% - 60% - 1:33
2 - 22% - 40% - 0:26
PK Defense
1 - 44% - 60% - 0:52
2 - 56% - 40% - 1:07
PK3 Forward
1 - 0% - 60%
2 - 0% - 40%
PK3 Defense
1 - 0% - 60%
2 - 0% - 40%
44 Forward
1 - 0% - 60%
2 - 0% - 40%
44 Defense
1 - 0% - 60%
2 - 0% - 40%
Last Minute Offensive  - 0:00
Last Minute Defensive  - 0:00
Total
Forward - 60:00
Defense - 60:00

% Time on Ice - Thunder

Lines # - Real PCT - Wanted PCT - Time Play
Normal Forward
1 - 30% - 40% - 15:31
2 - 31% - 30% - 15:55
3 - 28% - 20% - 14:25
4 - 11% - 10% - 5:29
Normal Defense
1 - 35% - 40% - 17:49
2 - 31% - 30% - 16:09
3 - 26% - 20% - 13:12
4 - 8% - 10% - 4:10
PP Forward
1 - 50% - 60% - 1:00
2 - 50% - 40% - 0:59
PP Defense
1 - 66% - 60% - 1:18
2 - 34% - 40% - 0:41
PK Forward
1 - 80% - 60% - 5:21
2 - 20% - 40% - 1:20
PK Defense
1 - 59% - 60% - 3:57
2 - 41% - 40% - 2:44
PK3 Forward
1 - 0% - 60%
2 - 0% - 40%
PK3 Defense
1 - 0% - 60%
2 - 0% - 40%
44 Forward
1 - 0% - 60%
2 - 0% - 40%
44 Defense
1 - 0% - 60%
2 - 0% - 40%
Last Minute Offensive  - 0:00
Last Minute Defensive  - 0:00
Total
Forward - 60:00
Defense - 60:00

Play-by-Play

1st period


0:01 of 1st period - Kyle Brodziak wins face-off versus Ryan Nugent-Hopkins in neutral zone.
0:26 of 1st period - Morgan Rielly is hit by Dalton Prout and loses puck.
0:46 of 1st period - Icing by Jake Muzzin.
0:47 of 1st period - Joe Labate wins face-off versus Henrik Samuelsson in Thunder zone.
0:47 of 1st period - Joe Labate is hit by Jake McCabe.
0:53 of 1st period - Jake Muzzin is hit by Nick Mattson and loses puck.
1:12 of 1st period - Adam Clendening is hit by Juraj Mikus and loses puck.
1:58 of 1st period - Thomas Spelling is hit by Dalton Prout and loses puck.
2:32 of 1st period - Jerry D'Amigo is hit by David Wolf and loses puck.
3:48 of 1st period - Snap shot by Luke Witkowski.
3:48 of 1st period - Stopped by Niklas Treutle without a rebound.
3:49 of 1st period - Kyle Brodziak wins face-off versus Trevor Lewis in Thunder zone.
4:53 of 1st period - Jake Muzzin is hit by Nick Mattson and loses puck.
5:07 of 1st period - Minor Penalty to Trevor Lewis for Interference.
5:08 of 1st period - Ryan Nugent-Hopkins wins face-off versus Kyle Brodziak in Thunder zone.
5:22 of 1st period - Snap shot by Ryan Nugent-Hopkins.
5:22 of 1st period - Stopped by Martin Jones with a rebound.
5:34 of 1st period - Snap shot by Nathan MacKinnon.
5:34 of 1st period - Shot Misses the Net.
6:08 of 1st period - Snap shot by David Wolf.
6:08 of 1st period - Shot Misses the Net.
7:07 of 1st period - Penalty to Trevor Lewis is over, Trevor Lewis is back on ice.
7:08 of 1st period - Icing by Tobias Rieder.
7:09 of 1st period - Nathan MacKinnon wins face-off versus Trevor Lewis in Saguenéens zone.
9:08 of 1st period - Wrist shot by Rhett Rakhshani.
9:08 of 1st period - Shot Blocked by Trevor Lewis.
10:06 of 1st period - Wrist shot by Carl Hagelin.
10:06 of 1st period - Stopped by Niklas Treutle without a rebound.
10:07 of 1st period - Kyle Brodziak wins face-off versus Ryan Nugent-Hopkins in Thunder zone.
10:34 of 1st period - David Wolf is hit by Tobias Rieder and loses puck.
10:49 of 1st period - Slapshot by Juraj Mikus.
10:49 of 1st period - Shot Misses the Net.
10:53 of 1st period - Wrist shot by Teemu Pulkkinen.
10:53 of 1st period - Stopped by Niklas Treutle without a rebound.
10:54 of 1st period - Juraj Mikus wins face-off versus Joe Labate in Thunder zone.
10:57 of 1st period - Slapshot by Juraj Mikus.
10:57 of 1st period - Shot Blocked by Morgan Rielly.
11:17 of 1st period - Jake Muzzin is hit by Rhett Rakhshani and loses puck.
11:52 of 1st period - Wrist shot by Juraj Mikus.
11:52 of 1st period - Shot Misses the Net.
11:58 of 1st period - Wrist shot by Ryan Nugent-Hopkins.
11:58 of 1st period - Shot Blocked by Teemu Pulkkinen.
12:08 of 1st period - Snap shot by Joe Labate.
12:08 of 1st period - Shot Blocked by Patrick Sieloff.
12:10 of 1st period - Snap shot by Joe Labate.
12:10 of 1st period - Shot Blocked by Patrick Sieloff.
12:12 of 1st period - Slapshot by Morgan Rielly.
12:12 of 1st period - Stopped by Martin Jones with a rebound.
12:14 of 1st period - Snap shot by Austin Wuthrich.
12:14 of 1st period - Goal by Austin Wuthrich - Saguenéens : 0 - Thunder : 1.
12:15 of 1st period - Kyle Brodziak wins face-off versus Trevor Lewis in neutral zone.
12:41 of 1st period - Nathan MacKinnon is hit by Trevor Lewis and loses puck.
13:55 of 1st period - Off-side.
13:56 of 1st period - Kyle Brodziak wins face-off versus Trevor Lewis in neutral zone.
14:02 of 1st period - Wrist shot by Carl Hagelin.
14:02 of 1st period - Shot Misses the Net.
14:04 of 1st period - Slapshot by Kyle Brodziak.
14:04 of 1st period - Shot Misses the Net.
14:06 of 1st period - Wrist shot by Carl Hagelin.
14:06 of 1st period - Stopped by Niklas Treutle with a rebound.
14:08 of 1st period - Wrist shot by Mike Sauer.
14:08 of 1st period - Stopped by Niklas Treutle with a rebound.
14:22 of 1st period - Slapshot by Teemu Pulkkinen.
14:22 of 1st period - Stopped by Niklas Treutle with a rebound.
14:41 of 1st period - Wrist shot by Joe Labate.
14:41 of 1st period - Deflect By Austin Wuthrich.
14:41 of 1st period - Shot Blocked by Craig Cunningham.
14:41 of 1st period - Puck is out of play.
14:42 of 1st period - Joe Labate wins face-off versus Nathan MacKinnon in Saguenéens zone.
14:47 of 1st period - Snap shot by Adam Clendening.
14:47 of 1st period - Stopped by Martin Jones without a rebound.
14:48 of 1st period - Ryan Nugent-Hopkins wins face-off versus Kyle Brodziak in Saguenéens zone.
15:15 of 1st period - Craig Cunningham is hit by Jake Muzzin.
16:00 of 1st period - Snap shot by Nathan MacKinnon.
16:00 of 1st period - Shot Blocked by Peter Andersson.
16:10 of 1st period - Snap shot by Nathan MacKinnon.
16:10 of 1st period - Stopped by Niklas Treutle without a rebound.
16:11 of 1st period - Kyle Brodziak wins face-off versus Joe Labate in Thunder zone.
16:57 of 1st period - Wrist shot by Jerry D'Amigo.
16:57 of 1st period - Shot Blocked by David Wolf.
17:23 of 1st period - Snap shot by Luke Witkowski.
17:23 of 1st period - Shot Blocked by Thomas Spelling.
17:25 of 1st period - Snap shot by Carl Hagelin.
17:25 of 1st period - Stopped by Niklas Treutle with a rebound.
18:12 of 1st period - Wrist shot by Teemu Pulkkinen.
18:12 of 1st period - Shot Hit the Post.
18:14 of 1st period - Slapshot by Calle Andersson.
18:14 of 1st period - Stopped by Niklas Treutle without a rebound.
18:15 of 1st period - Jarrod Maidens wins face-off versus Juraj Mikus in Thunder zone.
18:15 of 1st period - Jarrod Maidens is hit by Bobby Sanguinetti.
18:25 of 1st period - Wrist shot by Juraj Mikus.
18:25 of 1st period - Shot Misses the Net.
18:27 of 1st period - Wrist shot by Dalton Prout.
18:27 of 1st period - Stopped by Niklas Treutle with a rebound.
18:29 of 1st period - Wrist shot by Bobby Sanguinetti.
18:29 of 1st period - Goal by Bobby Sanguinetti - Saguenéens : 1 - Thunder : 1.
18:30 of 1st period - Ryan Nugent-Hopkins wins face-off versus Kyle Brodziak in neutral zone.
18:33 of 1st period - Slapshot by Morgan Rielly.
18:33 of 1st period - Stopped by Martin Jones with a rebound.
18:38 of 1st period - Off-side.
18:39 of 1st period - Kyle Brodziak wins face-off versus Ryan Nugent-Hopkins in neutral zone.
18:48 of 1st period - Snap shot by Luke Witkowski.
18:48 of 1st period - Stopped by Niklas Treutle with a rebound.
18:50 of 1st period - Slapshot by Bobby Sanguinetti.
18:50 of 1st period - Stopped by Niklas Treutle with a rebound.
18:52 of 1st period - Snap shot by Carl Hagelin.
18:52 of 1st period - Stopped by Niklas Treutle with a rebound.
18:54 of 1st period - Backhand shot by Dalton Prout.
18:54 of 1st period - Shot Misses the Net.
18:56 of 1st period - Snap shot by Luke Witkowski.
18:56 of 1st period - Stopped by Niklas Treutle without a rebound.
18:57 of 1st period - Nathan MacKinnon wins face-off versus Trevor Lewis in Thunder zone.
19:10 of 1st period - Snap shot by Jared Staal.
19:10 of 1st period - Deflect By Trevor Lewis.
19:10 of 1st period - Shot Misses the Net.
19:10 of 1st period - Puck is out of play.
19:11 of 1st period - Thomas Spelling wins face-off versus Kyle Brodziak in Saguenéens zone.
Goals for this period are 1 for Saguenéens vs 1 for Thunder.
Shots for this period are 15 for Saguenéens vs 5 for Thunder.

2nd period


0:01 of 2nd period - Kyle Brodziak wins face-off versus Ryan Nugent-Hopkins in neutral zone.
0:12 of 2nd period - Slapshot by Luke Witkowski.
0:12 of 2nd period - Shot Blocked by Thomas Spelling.
0:14 of 2nd period - Wrist shot by Carl Hagelin.
0:14 of 2nd period - Goal by Carl Hagelin - Saguenéens : 2 - Thunder : 1.
0:15 of 2nd period - Ryan Nugent-Hopkins wins face-off versus Kyle Brodziak in neutral zone.
0:24 of 2nd period - Snap shot by Thomas Spelling.
0:24 of 2nd period - Deflect By David Wolf.
0:24 of 2nd period - Shot Misses the Net.
0:24 of 2nd period - Puck is out of play.
0:25 of 2nd period - Ryan Nugent-Hopkins wins face-off versus Kyle Brodziak in Saguenéens zone.
0:26 of 2nd period - Snap shot by Thomas Spelling.
0:26 of 2nd period - Stopped by Martin Jones without a rebound.
0:27 of 2nd period - Ryan Nugent-Hopkins wins face-off versus Kyle Brodziak in Saguenéens zone.
0:28 of 2nd period - Snap shot by Thomas Spelling.
0:28 of 2nd period - Shot Misses the Net.
0:30 of 2nd period - Slapshot by Ryan Nugent-Hopkins.
0:30 of 2nd period - Stopped by Martin Jones with a rebound.
0:32 of 2nd period - Slapshot by Jake Muzzin.
0:32 of 2nd period - Stopped by Martin Jones without a rebound.
0:33 of 2nd period - Kyle Brodziak wins face-off versus Ryan Nugent-Hopkins in Saguenéens zone.
0:33 of 2nd period - Kyle Brodziak is hit by Thomas Spelling.
1:05 of 2nd period - Snap shot by Nikolay Prokhorkin.
1:05 of 2nd period - Stopped by Martin Jones without a rebound.
1:06 of 2nd period - Trevor Lewis wins face-off versus Nathan MacKinnon in Saguenéens zone.
1:11 of 2nd period - Snap shot by Jared Staal.
1:11 of 2nd period - Shot Misses the Net.
1:13 of 2nd period - Snap shot by Trevor Lewis.
1:13 of 2nd period - Stopped by Martin Jones without a rebound.
1:14 of 2nd period - Trevor Lewis wins face-off versus Kyle Brodziak in Saguenéens zone.
1:21 of 2nd period - Wrist shot by Jared Staal.
1:21 of 2nd period - Shot Misses the Net.
1:23 of 2nd period - Slapshot by Adam Clendening.
1:23 of 2nd period - Stopped by Martin Jones with a rebound.
3:44 of 2nd period - Wrist shot by Jerry D'Amigo.
3:44 of 2nd period - Shot Blocked by Austin Wuthrich.
4:14 of 2nd period - Snap shot by Kyle Brodziak.
4:14 of 2nd period - Stopped by Niklas Treutle without a rebound.
4:15 of 2nd period - Trevor Lewis wins face-off versus Kyle Brodziak in Thunder zone.
4:15 of 2nd period - Trevor Lewis is hit by Carl Hagelin.
4:20 of 2nd period - Off-side.
4:21 of 2nd period - Kyle Brodziak wins face-off versus Trevor Lewis in neutral zone.
4:26 of 2nd period - Snap shot by Kyle Brodziak.
4:26 of 2nd period - Stopped by Niklas Treutle without a rebound.
4:27 of 2nd period - Ryan Nugent-Hopkins wins face-off versus Kyle Brodziak in Thunder zone.
4:27 of 2nd period - Ryan Nugent-Hopkins is hit by Dalton Prout.
4:53 of 2nd period - Dalton Prout is hit by Jared Staal.
4:57 of 2nd period - Slapshot by Trevor Lewis.
4:57 of 2nd period - Stopped by Martin Jones with a rebound.
5:32 of 2nd period - Snap shot by Luke Witkowski.
5:32 of 2nd period - Stopped by Niklas Treutle without a rebound.
5:33 of 2nd period - Trevor Lewis wins face-off versus Kyle Brodziak in Thunder zone.
6:25 of 2nd period - Wrist shot by Trevor Lewis.
6:25 of 2nd period - Stopped by Martin Jones with a rebound.
6:39 of 2nd period - Snap shot by Trevor Lewis.
6:39 of 2nd period - Shot Misses the Net.
7:32 of 2nd period - Wrist shot by Joe Labate.
7:32 of 2nd period - Stopped by Martin Jones with a rebound.
7:59 of 2nd period - Snap shot by Juraj Mikus.
7:59 of 2nd period - Shot Misses the Net.
8:01 of 2nd period - Snap shot by Rhett Rakhshani.
8:01 of 2nd period - Deflect By Juraj Mikus.
8:01 of 2nd period - Shot Blocked by Jake Muzzin.
8:01 of 2nd period - Puck is out of play.
8:02 of 2nd period - Trevor Lewis wins face-off versus Craig Cunningham in Thunder zone.
8:27 of 2nd period - Kyle Brodziak is hit by Morgan Rielly and loses puck.
8:34 of 2nd period - Jake Muzzin is hit by Luke Witkowski and loses puck.
8:51 of 2nd period - Snap shot by Juraj Mikus.
8:51 of 2nd period - Shot Misses the Net.
9:20 of 2nd period - Trevor Lewis is hit by Dalton Prout and loses puck.
9:41 of 2nd period - Snap shot by Nathan MacKinnon.
9:41 of 2nd period - Shot Misses the Net.
9:57 of 2nd period - Wrist shot by Kyle Brodziak.
9:57 of 2nd period - Shot Misses the Net.
10:33 of 2nd period - Morgan Rielly is hit by Kerby Rychel and loses puck.
11:12 of 2nd period - Slapshot by Carl Hagelin.
11:12 of 2nd period - Deflect By Kyle Brodziak.
11:12 of 2nd period - Shot Misses the Net.
11:12 of 2nd period - Puck is out of play.
11:13 of 2nd period - Kyle Brodziak wins face-off versus Joe Labate in Thunder zone.
12:35 of 2nd period - Slapshot by Thomas Spelling.
12:35 of 2nd period - Shot Blocked by Carl Hagelin.
12:45 of 2nd period - Snap shot by Thomas Spelling.
12:45 of 2nd period - Goal by Thomas Spelling - Saguenéens : 2 - Thunder : 2.
12:46 of 2nd period - Trevor Lewis wins face-off versus Nathan MacKinnon in neutral zone.
13:27 of 2nd period - Juraj Mikus is hit by Nikolay Prokhorkin.
13:41 of 2nd period - Dalton Prout is hit by Jared Staal and loses puck.
13:47 of 2nd period - Icing by Bobby Sanguinetti.
13:48 of 2nd period - Kyle Brodziak wins face-off versus Ryan Nugent-Hopkins in Saguenéens zone.
13:48 of 2nd period - Kyle Brodziak is hit by David Wolf.
14:12 of 2nd period - Tobias Rieder is hit by Morgan Rielly and loses puck.
14:34 of 2nd period - Mike Sauer is hit by Duncan Siemens and loses puck.
14:56 of 2nd period - Minor Penalty to Kerby Rychel for Hooking.
14:57 of 2nd period - Kyle Brodziak wins face-off versus Trevor Lewis in Saguenéens zone.
15:09 of 2nd period - Slapshot by Trevor Lewis.
15:09 of 2nd period - Shot Blocked by Mike Sauer.
15:11 of 2nd period - Snap shot by Jared Staal.
15:11 of 2nd period - Shot Blocked by Luke Witkowski.
15:13 of 2nd period - Snap shot by Jared Staal.
15:13 of 2nd period - Shot Blocked by Seth Jones.
15:35 of 2nd period - Luke Witkowski is hit by Jake Muzzin and loses puck.
16:10 of 2nd period - Bobby Sanguinetti is hit by Adam Clendening.
16:14 of 2nd period - Myles Bell is hit by Thomas Spelling and loses puck.
16:31 of 2nd period - Jake Muzzin is hit by Carl Hagelin and loses puck.
16:56 of 2nd period - Penalty to Kerby Rychel is over, Kerby Rychel is back on ice.
17:32 of 2nd period - Trevor Lewis is hit by Henrik Samuelsson and loses puck.
19:18 of 2nd period - Snap shot by Rhett Rakhshani.
19:18 of 2nd period - Shot Hit the Post.
19:26 of 2nd period - Icing by Thomas Spelling.
19:27 of 2nd period - Carl Hagelin wins face-off versus Jarrod Maidens in Thunder zone.
19:52 of 2nd period - Slapshot by Tobias Rieder.
19:52 of 2nd period - Stopped by Niklas Treutle with a rebound.
Goals for this period are 1 for Saguenéens vs 1 for Thunder.
Shots for this period are 5 for Saguenéens vs 10 for Thunder.

3rd period


0:01 of 3rd period - Kyle Brodziak wins face-off versus Ryan Nugent-Hopkins in neutral zone.
0:04 of 3rd period - Slapshot by Bobby Sanguinetti.
0:04 of 3rd period - Shot Blocked by Morgan Rielly.
0:06 of 3rd period - Slapshot by Bobby Sanguinetti.
0:06 of 3rd period - Deflect By Carl Hagelin.
0:06 of 3rd period - Stopped by Niklas Treutle with a rebound.
0:08 of 3rd period - Wrist shot by Dalton Prout.
0:08 of 3rd period - Stopped by Niklas Treutle with a rebound.
0:10 of 3rd period - Snap shot by Bobby Sanguinetti.
0:10 of 3rd period - Stopped by Niklas Treutle with a rebound.
0:12 of 3rd period - Snap shot by Kyle Brodziak.
0:12 of 3rd period - Stopped by Niklas Treutle with a rebound.
0:14 of 3rd period - Slapshot by Dalton Prout.
0:14 of 3rd period - Deflect By Carl Hagelin.
0:14 of 3rd period - Stopped by Niklas Treutle with a rebound.
0:31 of 3rd period - Off-side.
0:32 of 3rd period - Nathan MacKinnon wins face-off versus Trevor Lewis in neutral zone.
0:36 of 3rd period - Icing by Peter Andersson.
0:37 of 3rd period - Kyle Brodziak wins face-off versus Trevor Lewis in Thunder zone.
1:20 of 3rd period - Slapshot by Peter Andersson.
1:20 of 3rd period - Shot Blocked by Rhett Rakhshani.
1:26 of 3rd period - Wrist shot by Thomas Spelling.
1:26 of 3rd period - Shot Misses the Net.
1:42 of 3rd period - Slapshot by Bobby Sanguinetti.
1:42 of 3rd period - Stopped by Niklas Treutle with a rebound.
2:20 of 3rd period - Snap shot by Carl Hagelin.
2:20 of 3rd period - Stopped by Niklas Treutle with a rebound.
2:22 of 3rd period - Wrist shot by Carl Hagelin.
2:22 of 3rd period - Goal by Carl Hagelin - Saguenéens : 3 - Thunder : 2.
2:23 of 3rd period - Carl Hagelin wins face-off versus Ryan Nugent-Hopkins in neutral zone.
2:39 of 3rd period - Minor Penalty to Thomas Spelling for Hooking.
2:40 of 3rd period - Kyle Brodziak wins face-off versus Ryan Nugent-Hopkins in Thunder zone.
2:45 of 3rd period - Wrist shot by Carl Hagelin.
2:45 of 3rd period - Deflect By Kyle Brodziak.
2:45 of 3rd period - Shot Blocked by Ryan Nugent-Hopkins.
2:45 of 3rd period - Puck is out of play.
2:46 of 3rd period - Ryan Nugent-Hopkins wins face-off versus Kyle Brodziak in Thunder zone.
2:55 of 3rd period - Wrist shot by Luke Witkowski.
2:55 of 3rd period - Stopped by Niklas Treutle with a rebound.
2:57 of 3rd period - Slapshot by Bobby Sanguinetti.
2:57 of 3rd period - Shot Blocked by Jake Muzzin.
2:59 of 3rd period - Slapshot by Dalton Prout.
2:59 of 3rd period - Shot Misses the Net.
3:01 of 3rd period - Snap shot by Luke Witkowski.
3:01 of 3rd period - Stopped by Niklas Treutle with a rebound.
3:21 of 3rd period - Snap shot by Nathan MacKinnon.
3:21 of 3rd period - Stopped by Niklas Treutle with a rebound.
4:39 of 3rd period - Penalty to Thomas Spelling is over, Thomas Spelling is back on ice.
5:10 of 3rd period - Austin Wuthrich is hit by Rhett Rakhshani and loses puck.
5:29 of 3rd period - Slapshot by Seth Jones.
5:29 of 3rd period - Stopped by Niklas Treutle with a rebound.
5:31 of 3rd period - Wrist shot by Teemu Pulkkinen.
5:31 of 3rd period - Shot Misses the Net.
5:33 of 3rd period - Wrist shot by Teemu Pulkkinen.
5:33 of 3rd period - Shot Misses the Net.
5:35 of 3rd period - Backhand shot by Juraj Mikus.
5:35 of 3rd period - Shot Misses the Net.
5:37 of 3rd period - Snap shot by Rhett Rakhshani.
5:37 of 3rd period - Stopped by Niklas Treutle with a rebound.
5:39 of 3rd period - Snap shot by Teemu Pulkkinen.
5:39 of 3rd period - Stopped by Niklas Treutle without a rebound.
5:40 of 3rd period - Henrik Samuelsson wins face-off versus David Wolf in Thunder zone.
5:46 of 3rd period - Wrist shot by Kerby Rychel.
5:46 of 3rd period - Shot Blocked by Peter Andersson.
5:48 of 3rd period - Wrist shot by Bobby Sanguinetti.
5:48 of 3rd period - Shot Misses the Net.
5:50 of 3rd period - Wrist shot by Jerry D'Amigo.
5:50 of 3rd period - Shot Misses the Net.
5:52 of 3rd period - Wrist shot by Jerry D'Amigo.
5:52 of 3rd period - Stopped by Niklas Treutle with a rebound.
6:02 of 3rd period - Minor Penalty to Ryan Nugent-Hopkins for Roughing.
6:03 of 3rd period - Kyle Brodziak wins face-off versus Artur Gavrus in Thunder zone.
7:06 of 3rd period - Snap shot by Thomas Spelling.
7:06 of 3rd period - Stopped by Martin Jones with a rebound.
8:02 of 3rd period - Penalty to Ryan Nugent-Hopkins is over, Ryan Nugent-Hopkins is back on ice.
10:07 of 3rd period - Snap shot by Rhett Rakhshani.
10:07 of 3rd period - Goal by Rhett Rakhshani - Saguenéens : 4 - Thunder : 2.
10:08 of 3rd period - Ryan Nugent-Hopkins wins face-off versus Kyle Brodziak in neutral zone.
10:11 of 3rd period - Wrist shot by Morgan Rielly.
10:11 of 3rd period - Shot Blocked by Dalton Prout.
10:13 of 3rd period - Snap shot by Morgan Rielly.
10:13 of 3rd period - Stopped by Martin Jones with a rebound.
10:15 of 3rd period - Slapshot by Jake Muzzin.
10:15 of 3rd period - Shot Misses the Net.
10:17 of 3rd period - Slapshot by Morgan Rielly.
10:17 of 3rd period - Shot Misses the Net.
10:19 of 3rd period - Snap shot by Morgan Rielly.
10:19 of 3rd period - Shot Blocked by Carl Hagelin.
10:21 of 3rd period - Snap shot by Thomas Spelling.
10:21 of 3rd period - Shot Misses the Net.
10:23 of 3rd period - Snap shot by Thomas Spelling.
10:23 of 3rd period - Deflect By Ryan Nugent-Hopkins.
10:23 of 3rd period - Shot Blocked by Bobby Sanguinetti.
10:23 of 3rd period - Puck is out of play.
10:24 of 3rd period - Nathan MacKinnon wins face-off versus Trevor Lewis in Saguenéens zone.
10:29 of 3rd period - Snap shot by Trevor Lewis.
10:29 of 3rd period - Stopped by Martin Jones with a rebound.
11:39 of 3rd period - Wrist shot by Craig Cunningham.
11:39 of 3rd period - Stopped by Niklas Treutle with a rebound.
11:56 of 3rd period - Slapshot by Jared Staal.
11:56 of 3rd period - Stopped by Martin Jones without a rebound.
11:57 of 3rd period - Joe Labate wins face-off versus Kyle Brodziak in Saguenéens zone.
12:02 of 3rd period - Slapshot by Joe Labate.
12:02 of 3rd period - Shot Blocked by Kyle Brodziak.
12:04 of 3rd period - Slapshot by Ryan Nugent-Hopkins.
12:04 of 3rd period - Shot Hit the Post.
12:06 of 3rd period - Slapshot by Peter Andersson.
12:06 of 3rd period - Stopped by Martin Jones with a rebound.
12:10 of 3rd period - Slapshot by Ryan Nugent-Hopkins.
12:10 of 3rd period - Shot Misses the Net.
12:20 of 3rd period - Tobias Rieder is hit by Peter Andersson and loses puck.
12:29 of 3rd period - Snap shot by Seth Jones.
12:29 of 3rd period - Stopped by Niklas Treutle without a rebound.
12:30 of 3rd period - Kyle Brodziak wins face-off versus Ryan Nugent-Hopkins in Thunder zone.
12:37 of 3rd period - Snap shot by Luke Witkowski.
12:37 of 3rd period - Shot Misses the Net.
14:41 of 3rd period - Vincent Dunn is hit by Kerby Rychel and loses puck.
15:12 of 3rd period - Adam Clendening is hit by Teemu Pulkkinen and loses puck.
15:49 of 3rd period - Wrist shot by Nathan MacKinnon.
15:49 of 3rd period - Shot Misses the Net.
15:51 of 3rd period - Wrist shot by Nathan MacKinnon.
15:51 of 3rd period - Goal by Nathan MacKinnon - Saguenéens : 5 - Thunder : 2.
15:52 of 3rd period - Ryan Nugent-Hopkins wins face-off versus Carl Hagelin in neutral zone.
15:55 of 3rd period - Slapshot by Jake Muzzin.
15:55 of 3rd period - Shot Misses the Net.
16:07 of 3rd period - Snap shot by Thomas Spelling.
16:07 of 3rd period - Shot Misses the Net.
16:13 of 3rd period - Penalty Shot by Carl Hagelin for Saguenéens.
16:13 of 3rd period - Wrist shot by Carl Hagelin.
16:13 of 3rd period - Shot Hit the Post.
16:14 of 3rd period - Nathan MacKinnon wins face-off versus Trevor Lewis in Saguenéens zone.
17:36 of 3rd period - Wrist shot by Nathan MacKinnon.
17:36 of 3rd period - Stopped by Niklas Treutle with a rebound.
17:38 of 3rd period - Slapshot by Nick Mattson.
17:38 of 3rd period - Stopped by Niklas Treutle with a rebound.
17:42 of 3rd period - Slapshot by Tobias Rieder.
17:42 of 3rd period - Stopped by Niklas Treutle with a rebound.
17:59 of 3rd period - Dalton Prout is hit by Thomas Spelling and loses puck.
18:04 of 3rd period - Snap shot by Teemu Pulkkinen.
18:04 of 3rd period - Shot Blocked by Mikko Vainonen.
18:24 of 3rd period - Snap shot by Carl Hagelin.
18:24 of 3rd period - Deflect By Kyle Brodziak.
18:24 of 3rd period - Shot Blocked by Mikko Vainonen.
18:24 of 3rd period - Puck is out of play.
18:25 of 3rd period - Trevor Lewis wins face-off versus Nathan MacKinnon in Thunder zone.
19:15 of 3rd period - Minor Penalty to Adam Clendening for Hooking.
19:16 of 3rd period - Kyle Brodziak wins face-off versus Ryan Nugent-Hopkins in Thunder zone.
19:42 of 3rd period - Slapshot by Seth Jones.
19:42 of 3rd period - Shot Blocked by Morgan Rielly.
19:44 of 3rd period - Wrist shot by Nathan MacKinnon.
19:44 of 3rd period - Shot Misses the Net.
Goals for this period are 3 for Saguenéens vs 0 for Thunder.
Shots for this period are 22 for Saguenéens vs 5 for Thunder.